Calgary Flames vs Minnesota North Stars
(R1)
Created - Monday, September 11, 2023 at 07:26
Goals
|
| Calgary Flames |
0 |
2 |
2 |
0 |
0 |
4 |
| Minnesota North Stars |
1 |
1 |
2 |
0 |
1 |
5 |
|
Shots
|
| Calgary Flames |
9 |
15 |
10 |
0 |
3 |
34 |
| Minnesota North Stars |
8 |
7 |
12 |
0 |
2 |
27 |
|
1st period
1. Minnesota North Stars , Jack Hughes 2 (Ryan Nugent-Hopkins 6) at 17:51
Penalties :
Jeff Petry (CGY) for Hooking (Minor) at 2:40, Michael Anderson (CGY) for Holding (Minor) at 9:21, Joel Eriksson Ek (CGY) for High sticking (Minor) at 0:00
2nd period
2. Minnesota North Stars , Gustav Forsling 2 (Evgeni Malkin 16, Alexander Barabanov 5) at 0:15 (PP)
3. Calgary Flames , Logan Couture 8 (Drew Doughty 3) at 0:21
4. Calgary Flames , Kris Letang 1 (Timo Meier 9, Samuel Montembeault) at 0:55 (PP)
Penalties :
Evgeni Malkin (MNS) for Hooking (Minor) at 0:24, Jamie Oleksiak (MNS) for Holding (Minor) at 1:07, Michael Anderson (CGY) for Hooking (Minor) at 3:43, Matthew Tkachuk (CGY) for Tripping (Minor) at 13:11, Adam Lowry (MNS) for Interference (Minor) at 19:16
3rd period
5. Minnesota North Stars , Ryan Nugent-Hopkins 10 (Jack Hughes 7) at 3:51
6. Calgary Flames , Matthew Tkachuk 8 (Logan Couture 5, Timo Meier 10) at 5:07
7. Calgary Flames , Matthew Tkachuk 9 (Sebastian Aho 12) at 9:20 (SH)
8. Minnesota North Stars , Jeff Skinner 6 (Jamie Oleksiak 7, Jonathan Toews 4) at 18:37
Penalties :
Rasmus Dahlin (MNS) for Roughing (Minor) at 5:10, Rafael Harvey-Pinard (CGY) for Hooking (Minor) at 7:57, Michael Anderson (CGY) for Holding (Minor) at 15:00, Gustav Forsling (MNS) for Fighting (Major) at 19:07, Ryan McDonagh (CGY) for Fighting (Major) at 19:07
Overtime #1
No Goal
Penalties :
No Penalty
Shootout
Calgary Flames, J.T. Miller - Stopped by Stuart Skinner
Minnesota North Stars, Ryan Nugent-Hopkins - Shot Misses the Net
Calgary Flames, Matthew Tkachuk - Stopped by Stuart Skinner
Minnesota North Stars, Evgeni Malkin - Goal!
Calgary Flames, Sebastian Aho - Stopped by Stuart Skinner
Penalties :
No Penalty
Goalie Stats
Samuel Montembeault (CGY), 23 saves from 27 shots - (0.852), OTL, 2-2-1, 65:00 minutes
Stuart Skinner (MNS), 30 saves from 34 shots - (0.882), W, 4-0-0, 64:54 minutes
Players Stats for Calgary Flames
Player Name G A P +/- PIM S H SB GA TA FO MP PP MP PK MP
------------------------------------------------------------------------------------
Drew Doughty 0 1 1 1 0 3 2 0 2 2 0/0 25:52 3:23 5:38
J.T. Miller 0 0 0 0 0 2 1 3 0 0 10/17 16:43 3:27 0:53
Jacob Peterson 0 0 0 -1 0 2 0 0 1 0 0/0 7:53 0:00 0:00
Jeff Petry 0 0 0 -1 2 1 0 3 1 1 0/0 25:27 3:05 5:17
Joel Eriksson Ek 0 0 0 -1 2 1 0 0 1 0 2/3 17:17 0:00 4:58
Kris Letang 1 0 1 1 0 5 3 1 0 1 0/0 26:15 3:23 5:38
Logan Couture 1 1 2 1 0 1 1 0 1 0 7/13 13:04 0:00 0:09
Mathieu Joseph 0 0 0 -1 0 1 0 0 0 1 1/2 14:27 0:00 5:54
Matthew Tkachuk 2 0 2 1 2 7 0 0 1 1 0/0 18:19 3:27 1:53
Michael Anderson 0 0 0 0 6 0 0 0 1 1 0/0 13:52 0:00 0:53
Nic Dowd 0 0 0 -1 0 1 1 0 0 0 5/7 14:20 0:00 5:24
Rafael Harvey-Pinard 0 0 0 1 2 1 0 0 0 1 0/0 15:10 0:00 4:20
Rasmus Andersson 0 0 0 0 0 0 0 1 1 0 0/0 14:30 0:00 0:22
Ryan McDonagh 0 0 0 -1 5 1 0 1 0 1 0/0 23:53 3:05 6:10
Sebastian Aho 0 1 1 0 0 2 0 0 2 0 14/21 17:14 3:01 0:46
Timo Meier 0 2 2 1 0 2 1 0 0 1 0/1 13:48 3:01 0:00
Valeri Nichushkin 0 0 0 0 0 2 2 1 2 1 0/0 15:01 3:27 0:25
Zach Hyman 0 0 0 -1 0 2 1 0 0 0 0/1 14:38 3:01 0:00
Players Stats for Minnesota North Stars
Player Name G A P +/- PIM S H SB GA TA FO MP PP MP PK MP
------------------------------------------------------------------------------------
Adam Lowry 0 0 0 1 2 0 2 0 1 0 0/2 15:11 0:00 2:39
Alexander Barabanov 0 1 1 0 0 0 1 1 0 0 0/1 18:32 5:06 1:02
Brandon Montour 0 0 0 -1 0 0 4 2 1 0 0/0 21:21 5:49 0:00
Derick Brassard 0 0 0 0 0 0 3 0 0 1 2/2 7:29 0:54 0:00
Eeli Tolvanen 0 0 0 0 0 1 0 0 0 0 0/0 6:15 0:00 0:00
Evan Rodrigues 0 0 0 0 0 0 2 0 0 1 0/0 6:52 0:26 0:00
Evgeni Malkin 0 1 1 -2 2 5 1 1 1 0 11/22 21:34 5:43 2:37
Frank Vatrano 0 0 0 -1 0 0 0 0 0 0 0/2 11:50 0:58 0:00
Gustav Forsling 1 0 1 -2 5 2 1 2 0 2 0/0 26:25 6:56 2:54
Jack Hughes 1 1 2 1 0 3 3 1 3 1 0/2 19:30 6:10 0:10
Jamie Oleksiak 0 1 1 2 2 1 1 1 0 2 0/0 24:14 4:39 3:05
Jeff Skinner 1 0 1 1 0 9 2 1 2 0 0/0 18:31 4:53 0:00
Jonathan Toews 0 1 1 1 0 0 2 1 1 1 5/10 17:40 0:28 3:00
Justin Holl 0 0 0 0 0 0 0 0 0 0 0/0 13:31 0:00 1:51
Mattias Samuelsson 0 0 0 0 0 3 2 0 0 3 0/0 17:06 1:20 2:54
Rasmus Dahlin 0 0 0 1 2 0 3 1 1 1 0/0 28:06 5:36 2:12
Ryan Nugent-Hopkins 1 1 2 1 0 1 1 0 0 1 8/23 22:37 5:53 3:28
Viktor Arvidsson 0 0 0 -2 0 2 2 0 1 0 0/1 16:46 5:59 0:00
3 Stars
1 - Jack Hughes (MNS)
2 - Ryan Nugent-Hopkins (MNS)
3 - Logan Couture (CGY)
Power Play
Calgary Flames - 1 on 4 Attempt(s) - 25.00%
Minnesota North Stars - 1 on 7 Attempt(s) - 14.29%
Penalty Kill
Calgary Flames - 6 on 7 Attempt(s) - 85.71%
- Score 1 goal in Penalty Kill
Minnesota North Stars - 3 on 4 Attempt(s) - 75.00%
- Score 0 goal in Penalty Kill
Team Stat
Calgary Flames - Hits : 12 - Faceoff Wins : 39 - Blocked Shots : 10 - Penalty Minutes : 19
Minnesota North Stars - Hits : 30 - Faceoff Wins : 26 - Blocked Shots : 11 - Penalty Minutes : 13
Official
Referees : Dave Lewis and Francis Charron
Linesman : Jonny Murray and Don Henderson
Game Notes
Gustav Forsling and Ryan McDonagh fight to a draw at 19:07 of 3rd period
Finance
Level 1 -- Attendance: 4547 (75.78%) -- Ticket Income $454,700
Level 2 -- Attendance: 3505 (70.10%) -- Ticket Income $210,300
Level 3 -- Attendance: 2579 (85.97%) -- Ticket Income $90,265
Level 4 -- Attendance: 3767 (75.34%) -- Ticket Income $94,175
Luxury Box -- Attendance: 810 (81.00%) -- Ticket Income $162,000
Game was played at the Met Center.
Total Attendance: 15208 (76.04%)
Total Ticket Income: $1,011,440
Other Income: $354,004
Total Income: $1,365,444
Calgary Flames
5 vs 5 Forward
Center Left Wing Right Wing Time % Phy DF OF
1 J.T. Miller Matthew Tkachuk Valeri Nichushkin 31 0 1 4
2 Sebastian Aho Zach Hyman Joel Eriksson Ek 30 0 2 3
3 Logan Couture Rafael Harvey-Pinard Timo Meier 29 1 2 2
4 Nic Dowd Jacob Peterson Mathieu Joseph 10 1 2 2
5 vs 5 Defense
Defense Defense Time % Phy DF OF
1 Kris Letang Drew Doughty 35 1 2 2
2 Jeff Petry Ryan McDonagh 35 1 2 2
3 Rasmus Andersson Michael Anderson 30 1 2 2
4 Kris Letang Drew Doughty 0 1 2 2
PowerPlay Forward
Center Left Wing Right Wing Time % Phy DF OF
1 J.T. Miller Matthew Tkachuk Valeri Nichushkin 50 0 0 5
2 Sebastian Aho Zach Hyman Timo Meier 50 0 0 5
PowerPlay Defense
Defense Defense Time % Phy DF OF
1 Kris Letang Drew Doughty 50 0 2 3
2 Jeff Petry Ryan McDonagh 50 0 2 3
Penalty Kill 4 Players Forward
Center Wing Time % Phy DF OF
1 Joel Eriksson Ek Rafael Harvey-Pinard 50 0 5 0
2 Nic Dowd Mathieu Joseph 50 0 5 0
Penalty Kill 4 Players Defense
Defense Defense Time % Phy DF OF
1 Kris Letang Drew Doughty 50 0 3 2
2 Jeff Petry Ryan McDonagh 50 0 3 2
Penalty Kill - 3 Players Forward
Forward Time % Phy DF OF
1 J.T. Miller 50 0 5 0
2 Sebastian Aho 50 0 5 0
Penalty Kill - 3 Players Defense
Defense Defense Time % Phy DF OF
1 Kris Letang Drew Doughty 50 1 2 2
2 Jeff Petry Ryan McDonagh 50 1 2 2
4 vs 4 Forward
Center Wing Time % Phy DF OF
1 J.T. Miller Matthew Tkachuk 50 1 2 2
2 Sebastian Aho Logan Couture 50 1 2 2
4 vs 4 Defense
Defense Defense Time % Phy DF OF
1 Kris Letang Drew Doughty 50 1 2 2
2 Jeff Petry Ryan McDonagh 50 1 2 2
Last Minutes Offensive
Center Left Wing Right Wing Defense Defense
J.T. Miller Matthew Tkachuk Zach Hyman Kris Letang Drew Doughty
Last Minutes Defensive
Center Left Wing Right Wing Defense Defense
J.T. Miller Sebastian Aho Valeri Nichushkin Kris Letang Drew Doughty
Goaltenders
Starting : Samuel Montembeault
Backup : Ilya Sorokin
Extra Forwards
Normal : Nic Dowd, Joel Eriksson Ek, Mathieu Joseph - PP : Nic Dowd, Joel Eriksson Ek - PK : Mathieu Joseph
Extra Defensemen
Normal : Rasmus Andersson, Michael Anderson, Jeff Petry - PP : Rasmus Andersson - PK : Michael Anderson, Jeff Petry
Penalty Shots
J.T. Miller, Matthew Tkachuk, Sebastian Aho, Logan Couture, Joel Eriksson Ek
Minnesota North Stars
5 vs 5 Forward
Center Left Wing Right Wing Time % Phy DF OF
1 Ryan Nugent-Hopkins Adam Lowry Jack Hughes 32 1 2 2
2 Evgeni Malkin Viktor Arvidsson Frank Vatrano 32 1 2 2
3 Jonathan Toews Alexander Barabanov Jeff Skinner 27 1 2 2
4 Derick Brassard Eeli Tolvanen Evan Rodrigues 9 1 2 2
5 vs 5 Defense
Defense Defense Time % Phy DF OF
1 Rasmus Dahlin Jamie Oleksiak 35 1 2 2
2 Gustav Forsling Brandon Montour 35 1 2 2
3 Mattias Samuelsson Justin Holl 30 1 2 2
4 Rasmus Dahlin Gustav Forsling 0 1 2 2
PowerPlay Forward
Center Left Wing Right Wing Time % Phy DF OF
1 Ryan Nugent-Hopkins Jeff Skinner Jack Hughes 50 1 1 3
2 Evgeni Malkin Alexander Barabanov Viktor Arvidsson 50 1 1 3
PowerPlay Defense
Defense Defense Time % Phy DF OF
1 Rasmus Dahlin Gustav Forsling 50 1 2 2
2 Brandon Montour Jamie Oleksiak 50 1 2 2
Penalty Kill 4 Players Forward
Center Wing Time % Phy DF OF
1 Ryan Nugent-Hopkins Adam Lowry 50 1 2 2
2 Evgeni Malkin Jonathan Toews 50 1 2 2
Penalty Kill 4 Players Defense
Defense Defense Time % Phy DF OF
1 Rasmus Dahlin Jamie Oleksiak 50 1 2 2
2 Mattias Samuelsson Gustav Forsling 50 1 2 2
Penalty Kill - 3 Players Forward
Forward Time % Phy DF OF
1 Ryan Nugent-Hopkins 50 1 2 2
2 Evgeni Malkin 50 1 2 2
Penalty Kill - 3 Players Defense
Defense Defense Time % Phy DF OF
1 Rasmus Dahlin Jamie Oleksiak 50 1 2 2
2 Mattias Samuelsson Gustav Forsling 50 1 2 2
4 vs 4 Forward
Center Wing Time % Phy DF OF
1 Ryan Nugent-Hopkins Jack Hughes 50 1 2 2
2 Evgeni Malkin Jeff Skinner 50 1 2 2
4 vs 4 Defense
Defense Defense Time % Phy DF OF
1 Rasmus Dahlin Gustav Forsling 50 1 2 2
2 Jamie Oleksiak Brandon Montour 50 1 2 2
Last Minutes Offensive
Center Left Wing Right Wing Defense Defense
Ryan Nugent-Hopkins Evgeni Malkin Jack Hughes Rasmus Dahlin Brandon Montour
Last Minutes Defensive
Center Left Wing Right Wing Defense Defense
Ryan Nugent-Hopkins Adam Lowry Jonathan Toews Rasmus Dahlin Jamie Oleksiak
Goaltenders
Starting : Stuart Skinner
Backup : Antti Raanta
Extra Forwards
Normal : Adam Lowry, Jonathan Toews, Evan Rodrigues - PP : Jeff Skinner, Jonathan Toews - PK : Adam Lowry
Extra Defensemen
Normal : Mattias Samuelsson, Justin Holl, Rasmus Dahlin - PP : Mattias Samuelsson - PK : Justin Holl, Rasmus Dahlin
Penalty Shots
Ryan Nugent-Hopkins, Evgeni Malkin, Rasmus Dahlin, Evan Rodrigues, Jack Hughes
% Time on Ice - Calgary Flames
Lines # - Real PCT - Wanted PCT - Time Play
Normal Forward
1 - 26% - 31% - 10:52
2 - 29% - 30% - 11:53
3 - 26% - 29% - 10:44
4 - 19% - 10% - 7:53
Normal Defense
1 - 36% - 35% - 14:58
2 - 36% - 35% - 15:01
3 - 28% - 30% - 11:23
4 - 0% - 0% - 0:00
PP Forward
1 - 53% - 50% - 3:27
2 - 47% - 50% - 3:01
PP Defense
1 - 52% - 50% - 3:23
2 - 48% - 50% - 3:05
PK Forward
1 - 49% - 50% - 5:59
2 - 51% - 50% - 6:11
PK Defense
1 - 46% - 50% - 5:38
2 - 54% - 50% - 6:32
PK3 Forward
1 - 0% - 50%
2 - 0% - 50%
PK3 Defense
1 - 0% - 50%
2 - 0% - 50%
44 Forward
1 - 48% - 50% - 2:23
2 - 52% - 50% - 2:37
44 Defense
1 - 31% - 50% - 1:34
2 - 69% - 50% - 3:26
Last Minute Offensive - 0:00
Last Minute Defensive - 0:00
Total
Forward - 65:00
Defense - 65:00
|
% Time on Ice - Minnesota North Stars
Lines # - Real PCT - Wanted PCT - Time Play
Normal Forward
1 - 27% - 32% - 11:18
2 - 29% - 32% - 12:02
3 - 29% - 27% - 12:04
4 - 14% - 9% - 5:58
Normal Defense
1 - 38% - 35% - 15:36
2 - 33% - 35% - 13:38
3 - 24% - 30% - 10:00
4 - 5% - 0% - 2:08
PP Forward
1 - 51% - 50% - 6:10
2 - 49% - 50% - 6:00
PP Defense
1 - 52% - 50% - 6:21
2 - 48% - 50% - 5:49
PK Forward
1 - 54% - 50% - 3:28
2 - 46% - 50% - 3:00
PK Defense
1 - 55% - 50% - 3:34
2 - 45% - 50% - 2:54
PK3 Forward
1 - 0% - 50%
2 - 0% - 50%
PK3 Defense
1 - 0% - 50%
2 - 0% - 50%
44 Forward
1 - 54% - 50% - 2:43
2 - 46% - 50% - 2:17
44 Defense
1 - 82% - 50% - 4:06
2 - 18% - 50% - 0:54
Last Minute Offensive - 0:00
Last Minute Defensive - 0:00
Total
Forward - 65:00
Defense - 65:00
|
Play-by-Play
1st period
0:01 of 1st period - J.T. Miller wins face-off versus Adam Lowry in neutral zone.
0:43 of 1st period - Frank Vatrano is hit by Timo Meier.
0:53 of 1st period - Slapshot by Timo Meier.
0:53 of 1st period - Shot Misses the Net.
0:55 of 1st period - Slapshot by Drew Doughty.
0:55 of 1st period - Stopped by Stuart Skinner without a rebound.
0:56 of 1st period - Jonathan Toews wins face-off versus Sebastian Aho in Minnesota North Stars zone.
1:22 of 1st period - Jeff Petry is hit by Derick Brassard and loses puck.
2:40 of 1st period - Minor Penalty to Jeff Petry for Hooking.
2:41 of 1st period - Joel Eriksson Ek wins face-off versus Ryan Nugent-Hopkins in Calgary Flames zone.
2:41 of 1st period - Joel Eriksson Ek is hit by Jeff Skinner.
2:52 of 1st period - Drew Doughty is hit by Gustav Forsling and loses puck.
4:40 of 1st period - Penalty to Jeff Petry is over, Jeff Petry is back on ice.
5:00 of 1st period - Rasmus Dahlin is hit by Valeri Nichushkin and loses puck.
6:13 of 1st period - Nic Dowd is hit by Brandon Montour and loses puck.
6:30 of 1st period - Rasmus Andersson is hit by Brandon Montour and loses puck.
6:51 of 1st period - Snap shot by Matthew Tkachuk.
6:51 of 1st period - Deflect By Valeri Nichushkin.
6:51 of 1st period - Shot Misses the Net.
6:51 of 1st period - Puck is out of play.
6:52 of 1st period - J.T. Miller wins face-off versus Jonathan Toews in Minnesota North Stars zone.
6:53 of 1st period - Wrist shot by Matthew Tkachuk.
6:53 of 1st period - Stopped by Stuart Skinner with a rebound.
6:59 of 1st period - Snap shot by Valeri Nichushkin.
6:59 of 1st period - Stopped by Stuart Skinner with a rebound.
7:01 of 1st period - Snap shot by Drew Doughty.
7:01 of 1st period - Deflect By J.T. Miller.
7:01 of 1st period - Stopped by Stuart Skinner without a rebound.
7:02 of 1st period - Jonathan Toews wins face-off versus Logan Couture in Minnesota North Stars zone.
7:11 of 1st period - Snap shot by Timo Meier.
7:11 of 1st period - Shot Misses the Net.
7:19 of 1st period - Wrist shot by Timo Meier.
7:19 of 1st period - Stopped by Stuart Skinner with a rebound.
7:29 of 1st period - Slapshot by Matthew Tkachuk.
7:29 of 1st period - Stopped by Stuart Skinner without a rebound.
7:30 of 1st period - Evgeni Malkin wins face-off versus J.T. Miller in Minnesota North Stars zone.
7:37 of 1st period - Wrist shot by Evgeni Malkin.
7:37 of 1st period - Shot Blocked by J.T. Miller.
7:39 of 1st period - Snap shot by Evgeni Malkin.
7:39 of 1st period - Stopped by Samuel Montembeault with a rebound.
7:41 of 1st period - Slapshot by Gustav Forsling.
7:41 of 1st period - Stopped by Samuel Montembeault with a rebound.
7:45 of 1st period - Wrist shot by Evgeni Malkin.
7:45 of 1st period - Shot Misses the Net.
8:29 of 1st period - Snap shot by Jacob Peterson.
8:29 of 1st period - Stopped by Stuart Skinner without a rebound.
8:30 of 1st period - Sebastian Aho wins face-off versus Viktor Arvidsson in Minnesota North Stars zone.
9:21 of 1st period - Minor Penalty to Michael Anderson for Holding.
9:22 of 1st period - Nic Dowd wins face-off versus Ryan Nugent-Hopkins in Calgary Flames zone.
9:31 of 1st period - Ryan McDonagh is hit by Ryan Nugent-Hopkins and loses puck.
9:56 of 1st period - Wrist shot by Viktor Arvidsson.
9:56 of 1st period - Shot Blocked by Jeff Petry.
9:58 of 1st period - Slapshot by Gustav Forsling.
9:58 of 1st period - Shot Blocked by Jeff Petry.
10:00 of 1st period - Wrist shot by Viktor Arvidsson.
10:00 of 1st period - Shot Misses the Net.
10:02 of 1st period - Snap shot by Viktor Arvidsson.
10:02 of 1st period - Shot Hit the Post.
11:21 of 1st period - Penalty to Michael Anderson is over, Michael Anderson is back on ice.
11:44 of 1st period - Backhand shot by J.T. Miller.
11:44 of 1st period - Deflect By Justin Holl.
11:44 of 1st period - Shot Misses the Net.
11:44 of 1st period - Puck is out of play.
11:45 of 1st period - Evgeni Malkin wins face-off versus J.T. Miller in Minnesota North Stars zone.
11:58 of 1st period - Snap shot by Matthew Tkachuk.
11:58 of 1st period - Shot Misses the Net.
12:04 of 1st period - J.T. Miller is hit by Derick Brassard and loses puck.
12:25 of 1st period - Snap shot by Sebastian Aho.
12:25 of 1st period - Shot Misses the Net.
12:27 of 1st period - Snap shot by Joel Eriksson Ek.
12:27 of 1st period - Shot Blocked by Jeff Skinner.
12:31 of 1st period - Wrist shot by Zach Hyman.
12:31 of 1st period - Stopped by Stuart Skinner with a rebound.
12:53 of 1st period - Ryan McDonagh is hit by Adam Lowry and loses puck.
13:15 of 1st period - Off-side.
13:16 of 1st period - Sebastian Aho wins face-off versus Alexander Barabanov in neutral zone.
13:26 of 1st period - Off-side.
13:27 of 1st period - Sebastian Aho wins face-off versus Frank Vatrano in neutral zone.
15:06 of 1st period - Wrist shot by Evgeni Malkin.
15:06 of 1st period - Stopped by Samuel Montembeault with a rebound.
15:18 of 1st period - Wrist shot by Jack Hughes.
15:18 of 1st period - Deflect By Ryan Nugent-Hopkins.
15:18 of 1st period - Shot Misses the Net.
15:18 of 1st period - Puck is out of play.
15:19 of 1st period - J.T. Miller wins face-off versus Ryan Nugent-Hopkins in Calgary Flames zone.
15:57 of 1st period - Slapshot by J.T. Miller.
15:57 of 1st period - Shot Blocked by Jack Hughes.
16:07 of 1st period - Snap shot by Jack Hughes.
16:07 of 1st period - Shot Blocked by Valeri Nichushkin.
16:09 of 1st period - Wrist shot by Ryan Nugent-Hopkins.
16:09 of 1st period - Shot Blocked by J.T. Miller.
16:11 of 1st period - Wrist shot by Adam Lowry.
16:11 of 1st period - Shot Misses the Net.
16:13 of 1st period - Slapshot by Justin Holl.
16:13 of 1st period - Shot Misses the Net.
16:15 of 1st period - Slapshot by Ryan Nugent-Hopkins.
16:15 of 1st period - Shot Misses the Net.
16:17 of 1st period - Backhand shot by Mattias Samuelsson.
16:17 of 1st period - Stopped by Samuel Montembeault with a rebound.
16:19 of 1st period - Slapshot by Adam Lowry.
16:19 of 1st period - Shot Misses the Net.
16:21 of 1st period - Slapshot by Mattias Samuelsson.
16:21 of 1st period - Stopped by Samuel Montembeault with a rebound.
16:23 of 1st period - Slapshot by Justin Holl.
16:23 of 1st period - Deflect By Ryan Nugent-Hopkins.
16:23 of 1st period - Shot Misses the Net.
16:23 of 1st period - Puck is out of play.
16:24 of 1st period - Evgeni Malkin wins face-off versus Logan Couture in Calgary Flames zone.
16:25 of 1st period - Wrist shot by Viktor Arvidsson.
16:25 of 1st period - Shot Misses the Net.
16:27 of 1st period - Snap shot by Viktor Arvidsson.
16:27 of 1st period - Shot Blocked by Rasmus Andersson.
16:29 of 1st period - Wrist shot by Frank Vatrano.
16:29 of 1st period - Shot Misses the Net.
16:51 of 1st period - Sebastian Aho is hit by Jonathan Toews.
16:54 of 1st period - Off-side.
16:55 of 1st period - Sebastian Aho wins face-off versus Evgeni Malkin in neutral zone.
17:12 of 1st period - Zach Hyman is hit by Brandon Montour and loses puck.
17:29 of 1st period - Snap shot by Jeff Skinner.
17:29 of 1st period - Stopped by Samuel Montembeault with a rebound.
17:31 of 1st period - Snap shot by Alexander Barabanov.
17:31 of 1st period - Shot Misses the Net.
17:33 of 1st period - Snap shot by Jeff Skinner.
17:33 of 1st period - Shot Misses the Net.
17:35 of 1st period - Slapshot by Alexander Barabanov.
17:35 of 1st period - Deflect By Kris Letang.
17:35 of 1st period - Shot Misses the Net.
17:35 of 1st period - Puck is out of play.
17:36 of 1st period - J.T. Miller wins face-off versus Ryan Nugent-Hopkins in Calgary Flames zone.
17:49 of 1st period - Wrist shot by Ryan Nugent-Hopkins.
17:49 of 1st period - Shot Blocked by Ryan McDonagh.
17:51 of 1st period - Snap shot by Jack Hughes.
17:51 of 1st period - Goal by Jack Hughes - Calgary Flames : 0 - Minnesota North Stars : 1.
17:52 of 1st period - Logan Couture wins face-off versus Evgeni Malkin in neutral zone.
17:55 of 1st period - Slapshot by Rafael Harvey-Pinard.
17:55 of 1st period - Shot Blocked by Jamie Oleksiak.
17:57 of 1st period - Slapshot by Jeff Petry.
17:57 of 1st period - Shot Misses the Net.
17:59 of 1st period - Snap shot by Ryan McDonagh.
17:59 of 1st period - Stopped by Stuart Skinner without a rebound.
18:00 of 1st period - Logan Couture wins face-off versus Evgeni Malkin in Minnesota North Stars zone.
18:16 of 1st period - Off-side.
18:17 of 1st period - Sebastian Aho wins face-off versus Ryan Nugent-Hopkins in neutral zone.
19:38 of 1st period - Slapshot by Eeli Tolvanen.
19:38 of 1st period - Stopped by Samuel Montembeault without a rebound.
19:39 of 1st period - Sebastian Aho wins face-off versus Evgeni Malkin in Calgary Flames zone.
Goals for this period are 0 for Calgary Flames vs 1 for Minnesota North Stars.
Shots for this period are 9 for Calgary Flames vs 8 for Minnesota North Stars.
0:00 of 2nd period - Minor Penalty to Joel Eriksson Ek for High sticking.
2nd period
0:01 of 2nd period - Evgeni Malkin wins face-off versus Mathieu Joseph in neutral zone.
0:06 of 2nd period - Drew Doughty is hit by Rasmus Dahlin and loses puck.
0:13 of 2nd period - Slapshot by Evgeni Malkin.
0:13 of 2nd period - Stopped by Samuel Montembeault with a rebound.
0:15 of 2nd period - Snap shot by Gustav Forsling.
0:15 of 2nd period - Goal by Gustav Forsling - Calgary Flames : 0 - Minnesota North Stars : 2.
0:16 of 2nd period - Logan Couture wins face-off versus Jack Hughes in neutral zone.
0:21 of 2nd period - Snap shot by Logan Couture.
0:21 of 2nd period - Goal by Logan Couture - Calgary Flames : 1 - Minnesota North Stars : 2.
0:22 of 2nd period - Evgeni Malkin wins face-off versus Logan Couture in neutral zone.
0:24 of 2nd period - Minor Penalty to Evgeni Malkin for Hooking.
0:25 of 2nd period - Ryan Nugent-Hopkins wins face-off versus J.T. Miller in Minnesota North Stars zone.
0:55 of 2nd period - Slapshot by Kris Letang.
0:55 of 2nd period - Goal by Kris Letang - Calgary Flames : 2 - Minnesota North Stars : 2.
0:56 of 2nd period - Evgeni Malkin wins face-off versus Logan Couture in neutral zone.
0:59 of 2nd period - Rafael Harvey-Pinard is hit by Rasmus Dahlin and loses puck.
1:07 of 2nd period - Minor Penalty to Jamie Oleksiak for Holding.
1:08 of 2nd period - Sebastian Aho wins face-off versus Ryan Nugent-Hopkins in Minnesota North Stars zone.
1:18 of 2nd period - Wrist shot by Timo Meier.
1:18 of 2nd period - Deflect By Zach Hyman.
1:18 of 2nd period - Shot Misses the Net.
1:18 of 2nd period - Puck is out of play.
1:19 of 2nd period - Ryan Nugent-Hopkins wins face-off versus J.T. Miller in Minnesota North Stars zone.
1:26 of 2nd period - Snap shot by Matthew Tkachuk.
1:26 of 2nd period - Stopped by Stuart Skinner without a rebound.
1:27 of 2nd period - Ryan Nugent-Hopkins wins face-off versus J.T. Miller in Minnesota North Stars zone.
2:15 of 2nd period - Snap shot by Valeri Nichushkin.
2:15 of 2nd period - Stopped by Stuart Skinner without a rebound.
2:16 of 2nd period - Ryan Nugent-Hopkins wins face-off versus Sebastian Aho in Minnesota North Stars zone.
2:51 of 2nd period - Adam Lowry is hit by J.T. Miller and loses puck.
3:07 of 2nd period - Penalty to Jamie Oleksiak is over, Jamie Oleksiak is back on ice.
3:43 of 2nd period - Minor Penalty to Michael Anderson for Hooking.
3:44 of 2nd period - Ryan Nugent-Hopkins wins face-off versus Joel Eriksson Ek in Calgary Flames zone.
5:43 of 2nd period - Penalty to Michael Anderson is over, Michael Anderson is back on ice.
5:45 of 2nd period - Slapshot by Drew Doughty.
5:45 of 2nd period - Stopped by Stuart Skinner without a rebound.
5:46 of 2nd period - Derick Brassard wins face-off versus J.T. Miller in Minnesota North Stars zone.
6:21 of 2nd period - Snap shot by Sebastian Aho.
6:21 of 2nd period - Deflect By Zach Hyman.
6:21 of 2nd period - Shot Misses the Net.
6:21 of 2nd period - Puck is out of play.
6:22 of 2nd period - Logan Couture wins face-off versus Evgeni Malkin in Minnesota North Stars zone.
6:27 of 2nd period - Slapshot by Drew Doughty.
6:27 of 2nd period - Stopped by Stuart Skinner with a rebound.
6:29 of 2nd period - Slapshot by Kris Letang.
6:29 of 2nd period - Stopped by Stuart Skinner with a rebound.
6:31 of 2nd period - Snap shot by Rafael Harvey-Pinard.
6:31 of 2nd period - Stopped by Stuart Skinner with a rebound.
6:33 of 2nd period - Snap shot by Logan Couture.
6:33 of 2nd period - Shot Blocked by Gustav Forsling.
6:55 of 2nd period - Snap shot by Kris Letang.
6:55 of 2nd period - Stopped by Stuart Skinner with a rebound.
6:57 of 2nd period - Slapshot by Kris Letang.
6:57 of 2nd period - Shot Misses the Net.
6:59 of 2nd period - Snap shot by Kris Letang.
6:59 of 2nd period - Stopped by Stuart Skinner with a rebound.
8:14 of 2nd period - Wrist shot by Jeff Skinner.
8:14 of 2nd period - Stopped by Samuel Montembeault with a rebound.
8:16 of 2nd period - Wrist shot by Jonathan Toews.
8:16 of 2nd period - Shot Misses the Net.
8:18 of 2nd period - Wrist shot by Jeff Skinner.
8:18 of 2nd period - Stopped by Samuel Montembeault without a rebound.
8:19 of 2nd period - Sebastian Aho wins face-off versus Jonathan Toews in Calgary Flames zone.
8:21 of 2nd period - Icing by Drew Doughty.
8:22 of 2nd period - Sebastian Aho wins face-off versus Ryan Nugent-Hopkins in Calgary Flames zone.
9:05 of 2nd period - Drew Doughty is hit by Jeff Skinner and loses puck.
9:14 of 2nd period - Wrist shot by Timo Meier.
9:14 of 2nd period - Stopped by Stuart Skinner with a rebound.
9:16 of 2nd period - Slapshot by Kris Letang.
9:16 of 2nd period - Stopped by Stuart Skinner with a rebound.
9:35 of 2nd period - Off-side.
9:36 of 2nd period - Sebastian Aho wins face-off versus Ryan Nugent-Hopkins in neutral zone.
10:05 of 2nd period - Slapshot by Jacob Peterson.
10:05 of 2nd period - Shot Misses the Net.
10:59 of 2nd period - Wrist shot by Eeli Tolvanen.
10:59 of 2nd period - Shot Misses the Net.
11:20 of 2nd period - Jacob Peterson is hit by Brandon Montour and loses puck.
12:37 of 2nd period - Jamie Oleksiak is hit by Drew Doughty.
13:03 of 2nd period - Slapshot by Evgeni Malkin.
13:03 of 2nd period - Stopped by Samuel Montembeault with a rebound.
13:05 of 2nd period - Snap shot by Frank Vatrano.
13:05 of 2nd period - Shot Blocked by J.T. Miller.
13:11 of 2nd period - Minor Penalty to Matthew Tkachuk for Tripping.
13:12 of 2nd period - Mathieu Joseph wins face-off versus Evgeni Malkin in Calgary Flames zone.
13:12 of 2nd period - Mathieu Joseph is hit by Alexander Barabanov.
13:20 of 2nd period - Slapshot by Kris Letang.
13:20 of 2nd period - Shot Blocked by Rasmus Dahlin.
13:26 of 2nd period - Nic Dowd is hit by Viktor Arvidsson.
13:38 of 2nd period - Jeff Skinner is hit by Kris Letang.
15:11 of 2nd period - Penalty to Matthew Tkachuk is over, Matthew Tkachuk is back on ice.
15:26 of 2nd period - Michael Anderson is hit by Mattias Samuelsson and loses puck.
15:42 of 2nd period - Kris Letang is hit by Evan Rodrigues and loses puck.
16:07 of 2nd period - Slapshot by Kris Letang.
16:07 of 2nd period - Shot Misses the Net.
16:09 of 2nd period - Wrist shot by Jacob Peterson.
16:09 of 2nd period - Shot Misses the Net.
16:34 of 2nd period - Jamie Oleksiak is hit by Logan Couture and loses puck.
17:08 of 2nd period - Wrist shot by Jacob Peterson.
17:08 of 2nd period - Shot Misses the Net.
17:11 of 2nd period - Icing by Jack Hughes.
17:12 of 2nd period - J.T. Miller wins face-off versus Ryan Nugent-Hopkins in Minnesota North Stars zone.
17:15 of 2nd period - Snap shot by Matthew Tkachuk.
17:15 of 2nd period - Stopped by Stuart Skinner with a rebound.
17:33 of 2nd period - Wrist shot by J.T. Miller.
17:33 of 2nd period - Stopped by Stuart Skinner without a rebound.
17:34 of 2nd period - Logan Couture wins face-off versus Evgeni Malkin in Minnesota North Stars zone.
18:01 of 2nd period - Drew Doughty is hit by Jonathan Toews and loses puck.
18:26 of 2nd period - Wrist shot by Matthew Tkachuk.
18:26 of 2nd period - Shot Blocked by Gustav Forsling.
18:46 of 2nd period - Wrist shot by Viktor Arvidsson.
18:46 of 2nd period - Stopped by Samuel Montembeault without a rebound.
18:47 of 2nd period - Nic Dowd wins face-off versus Frank Vatrano in Calgary Flames zone.
19:01 of 2nd period - Wrist shot by Viktor Arvidsson.
19:01 of 2nd period - Stopped by Samuel Montembeault without a rebound.
19:02 of 2nd period - Sebastian Aho wins face-off versus Jack Hughes in Calgary Flames zone.
19:16 of 2nd period - Minor Penalty to Adam Lowry for Interference.
19:17 of 2nd period - Evgeni Malkin wins face-off versus Sebastian Aho in Minnesota North Stars zone.
19:33 of 2nd period - Slapshot by Sebastian Aho.
19:33 of 2nd period - Stopped by Stuart Skinner with a rebound.
Goals for this period are 2 for Calgary Flames vs 1 for Minnesota North Stars.
Shots for this period are 15 for Calgary Flames vs 7 for Minnesota North Stars.
3rd period
0:01 of 3rd period - Sebastian Aho wins face-off versus Evgeni Malkin in neutral zone.
0:12 of 3rd period - Wrist shot by Timo Meier.
0:12 of 3rd period - Shot Misses the Net.
0:14 of 3rd period - Wrist shot by Sebastian Aho.
0:14 of 3rd period - Stopped by Stuart Skinner with a rebound.
0:16 of 3rd period - Slapshot by Jeff Petry.
0:16 of 3rd period - Shot Blocked by Evgeni Malkin.
0:26 of 3rd period - J.T. Miller is hit by Mattias Samuelsson and loses puck.
1:16 of 3rd period - Penalty to Adam Lowry is over, Adam Lowry is back on ice.
2:41 of 3rd period - Evan Rodrigues is hit by Nic Dowd and loses puck.
2:48 of 3rd period - Ryan McDonagh is hit by Derick Brassard and loses puck.
3:21 of 3rd period - Jeff Petry is hit by Evgeni Malkin and loses puck.
3:37 of 3rd period - Off-side.
3:38 of 3rd period - Jonathan Toews wins face-off versus Sebastian Aho in neutral zone.
3:40 of 3rd period - Off-side.
3:41 of 3rd period - Ryan Nugent-Hopkins wins face-off versus Zach Hyman in neutral zone.
3:44 of 3rd period - Sebastian Aho is hit by Jamie Oleksiak and loses puck.
3:51 of 3rd period - Snap shot by Ryan Nugent-Hopkins.
3:51 of 3rd period - Goal by Ryan Nugent-Hopkins - Calgary Flames : 2 - Minnesota North Stars : 3.
3:52 of 3rd period - Ryan Nugent-Hopkins wins face-off versus J.T. Miller in neutral zone.
4:19 of 3rd period - Adam Lowry is hit by Kris Letang and loses puck.
4:51 of 3rd period - Slapshot by Jeff Skinner.
4:51 of 3rd period - Shot Misses the Net.
4:55 of 3rd period - Snap shot by Alexander Barabanov.
4:55 of 3rd period - Shot Blocked by Jeff Petry.
5:07 of 3rd period - Slapshot by Matthew Tkachuk.
5:07 of 3rd period - Goal by Matthew Tkachuk - Calgary Flames : 3 - Minnesota North Stars : 3.
5:08 of 3rd period - Evgeni Malkin wins face-off versus Sebastian Aho in neutral zone.
5:10 of 3rd period - Minor Penalty to Rasmus Dahlin for Roughing.
5:11 of 3rd period - Evgeni Malkin wins face-off versus Sebastian Aho in Minnesota North Stars zone.
5:26 of 3rd period - Off-side.
5:27 of 3rd period - J.T. Miller wins face-off versus Ryan Nugent-Hopkins in neutral zone.
6:12 of 3rd period - Snap shot by Valeri Nichushkin.
6:12 of 3rd period - Shot Blocked by Jonathan Toews.
6:56 of 3rd period - Justin Holl is hit by Zach Hyman and loses puck.
7:10 of 3rd period - Penalty to Rasmus Dahlin is over, Rasmus Dahlin is back on ice.
7:15 of 3rd period - Snap shot by Mathieu Joseph.
7:15 of 3rd period - Stopped by Stuart Skinner without a rebound.
7:16 of 3rd period - Derick Brassard wins face-off versus Nic Dowd in Minnesota North Stars zone.
7:51 of 3rd period - Slapshot by Evgeni Malkin.
7:51 of 3rd period - Stopped by Samuel Montembeault with a rebound.
7:57 of 3rd period - Minor Penalty to Rafael Harvey-Pinard for Hooking.
7:58 of 3rd period - Nic Dowd wins face-off versus Ryan Nugent-Hopkins in Calgary Flames zone.
8:25 of 3rd period - Ryan McDonagh is hit by Viktor Arvidsson and loses puck.
9:12 of 3rd period - Icing by Rasmus Dahlin.
9:13 of 3rd period - Sebastian Aho wins face-off versus Evgeni Malkin in Minnesota North Stars zone.
9:20 of 3rd period - Snap shot by Matthew Tkachuk.
9:20 of 3rd period - Goal by Matthew Tkachuk - Calgary Flames : 4 - Minnesota North Stars : 3.
9:21 of 3rd period - Nic Dowd wins face-off versus Ryan Nugent-Hopkins in neutral zone.
9:57 of 3rd period - Penalty to Rafael Harvey-Pinard is over, Rafael Harvey-Pinard is back on ice.
10:13 of 3rd period - Kris Letang is hit by Evan Rodrigues and loses puck.
10:36 of 3rd period - Snap shot by Jack Hughes.
10:36 of 3rd period - Stopped by Samuel Montembeault with a rebound.
10:39 of 3rd period - Icing by Ryan McDonagh.
10:40 of 3rd period - J.T. Miller wins face-off versus Evgeni Malkin in Calgary Flames zone.
11:05 of 3rd period - Wrist shot by Matthew Tkachuk.
11:05 of 3rd period - Stopped by Stuart Skinner without a rebound.
11:06 of 3rd period - Ryan Nugent-Hopkins wins face-off versus Sebastian Aho in Minnesota North Stars zone.
11:13 of 3rd period - Backhand shot by Jack Hughes.
11:13 of 3rd period - Stopped by Samuel Montembeault with a rebound.
11:15 of 3rd period - Snap shot by Jack Hughes.
11:15 of 3rd period - Shot Blocked by Kris Letang.
11:43 of 3rd period - Snap shot by Logan Couture.
11:43 of 3rd period - Shot Blocked by Alexander Barabanov.
11:52 of 3rd period - Icing by Gustav Forsling.
11:53 of 3rd period - Evgeni Malkin wins face-off versus Nic Dowd in Minnesota North Stars zone.
12:23 of 3rd period - Wrist shot by Jacob Peterson.
12:23 of 3rd period - Stopped by Stuart Skinner with a rebound.
12:25 of 3rd period - Snap shot by Jeff Petry.
12:25 of 3rd period - Shot Blocked by Brandon Montour.
12:27 of 3rd period - Slapshot by Jeff Petry.
12:27 of 3rd period - Deflect By Jack Hughes.
12:27 of 3rd period - Stopped by Stuart Skinner with a rebound.
12:29 of 3rd period - Snap shot by Nic Dowd.
12:29 of 3rd period - Shot Blocked by Brandon Montour.
12:31 of 3rd period - Wrist shot by Nic Dowd.
12:31 of 3rd period - Stopped by Stuart Skinner without a rebound.
12:32 of 3rd period - Joel Eriksson Ek wins face-off versus Jonathan Toews in Minnesota North Stars zone.
12:39 of 3rd period - Snap shot by Joel Eriksson Ek.
12:39 of 3rd period - Stopped by Stuart Skinner without a rebound.
12:40 of 3rd period - Sebastian Aho wins face-off versus Jonathan Toews in Minnesota North Stars zone.
13:11 of 3rd period - Snap shot by Joel Eriksson Ek.
13:11 of 3rd period - Shot Hit the Post.
13:13 of 3rd period - Wrist shot by Joel Eriksson Ek.
13:13 of 3rd period - Shot Misses the Net.
13:15 of 3rd period - Snap shot by Sebastian Aho.
13:15 of 3rd period - Shot Misses the Net.
14:06 of 3rd period - Snap shot by Zach Hyman.
14:06 of 3rd period - Stopped by Stuart Skinner with a rebound.
14:23 of 3rd period - Snap shot by Jonathan Toews.
14:23 of 3rd period - Shot Misses the Net.
14:29 of 3rd period - Jonathan Toews is hit by Drew Doughty.
14:56 of 3rd period - Snap shot by Jeff Skinner.
14:56 of 3rd period - Stopped by Samuel Montembeault without a rebound.
14:57 of 3rd period - J.T. Miller wins face-off versus Ryan Nugent-Hopkins in Calgary Flames zone.
14:57 of 3rd period - J.T. Miller is hit by Adam Lowry.
15:00 of 3rd period - Minor Penalty to Michael Anderson for Holding.
15:01 of 3rd period - Nic Dowd wins face-off versus Evgeni Malkin in Calgary Flames zone.
17:00 of 3rd period - Penalty to Michael Anderson is over, Michael Anderson is back on ice.
17:10 of 3rd period - Off-side.
17:11 of 3rd period - Logan Couture wins face-off versus Adam Lowry in neutral zone.
17:38 of 3rd period - Rasmus Andersson is hit by Jack Hughes and loses puck.
18:31 of 3rd period - Minnesota North Stars, Stuart Skinner is pulled from the net.
18:33 of 3rd period - Slapshot by Jeff Skinner.
18:33 of 3rd period - Stopped by Samuel Montembeault with a rebound.
18:35 of 3rd period - Slapshot by Jamie Oleksiak.
18:35 of 3rd period - Stopped by Samuel Montembeault with a rebound.
18:37 of 3rd period - Snap shot by Jeff Skinner.
18:37 of 3rd period - Goal by Jeff Skinner - Calgary Flames : 4 - Minnesota North Stars : 4.
18:37 of 3rd period - Stuart Skinner from Minnesota North Stars was sent back in the game.
18:38 of 3rd period - Jonathan Toews wins face-off versus Logan Couture in neutral zone.
18:45 of 3rd period - Slapshot by Jeff Skinner.
18:45 of 3rd period - Stopped by Samuel Montembeault with a rebound.
18:55 of 3rd period - Slapshot by Jeff Skinner.
18:55 of 3rd period - Stopped by Samuel Montembeault without a rebound.
18:56 of 3rd period - J.T. Miller wins face-off versus Ryan Nugent-Hopkins in Calgary Flames zone.
18:56 of 3rd period - J.T. Miller is hit by Jack Hughes.
19:07 of 3rd period - Gustav Forsling and Ryan McDonagh fight to a draw.
19:07 of 3rd period - Penalty to Gustav Forsling for Fighting.
19:07 of 3rd period - Penalty to Ryan McDonagh for Fighting.
19:08 of 3rd period - Logan Couture wins face-off versus Jonathan Toews in Minnesota North Stars zone.
19:15 of 3rd period - Snap shot by Jeff Skinner.
19:15 of 3rd period - Shot Misses the Net.
19:17 of 3rd period - Snap shot by Mattias Samuelsson.
19:17 of 3rd period - Stopped by Samuel Montembeault without a rebound.
19:18 of 3rd period - Jonathan Toews wins face-off versus Timo Meier in Calgary Flames zone.
19:55 of 3rd period - Snap shot by Jeff Skinner.
19:55 of 3rd period - Shot Misses the Net.
19:57 of 3rd period - Slapshot by Mattias Samuelsson.
19:57 of 3rd period - Shot Misses the Net.
19:59 of 3rd period - Snap shot by Jeff Skinner.
19:59 of 3rd period - Stopped by Samuel Montembeault without a rebound.
Goals for this period are 2 for Calgary Flames vs 2 for Minnesota North Stars.
Shots for this period are 10 for Calgary Flames vs 12 for Minnesota North Stars.
Overtime #1
0:01 of 1st overtime period - J.T. Miller wins face-off versus Ryan Nugent-Hopkins in neutral zone.
1:14 of 1st overtime period - Matthew Tkachuk is hit by Jack Hughes and loses puck.
2:22 of 1st overtime period - Justin Holl is hit by Kris Letang and loses puck.
3:15 of 1st overtime period - Jonathan Toews is hit by Valeri Nichushkin and loses puck.
4:07 of 1st overtime period - Penalty to Gustav Forsling is over, Gustav Forsling is back on ice.
4:07 of 1st overtime period - Penalty to Ryan McDonagh is over, Ryan McDonagh is back on ice.
4:13 of 1st overtime period - J.T. Miller is hit by Rasmus Dahlin and loses puck.
4:29 of 1st overtime period - Icing by Jonathan Toews.
4:30 of 1st overtime period - Evgeni Malkin wins face-off versus Logan Couture in Minnesota North Stars zone.
4:47 of 1st overtime period - Snap shot by Jonathan Toews.
4:47 of 1st overtime period - Shot Misses the Net.
Goals for this period are 0 for Calgary Flames vs 0 for Minnesota North Stars.
Shots for this period are 0 for Calgary Flames vs 0 for Minnesota North Stars.
ShootOut
5:00 of 1st overtime period - Round #1.
5:00 of 1st overtime period - Calgary Flames, J.T. Miller.
5:00 of 1st overtime period - Snap shot by J.T. Miller.
5:00 of 1st overtime period - Stopped by Stuart Skinner.
5:00 of 1st overtime period - Minnesota North Stars, Ryan Nugent-Hopkins.
5:00 of 1st overtime period - Wrist shot by Ryan Nugent-Hopkins.
5:00 of 1st overtime period - Shot Misses the Net.
5:00 of 1st overtime period - Round #2.
5:00 of 1st overtime period - Calgary Flames, Matthew Tkachuk.
5:00 of 1st overtime period - Deke by Matthew Tkachuk.
5:00 of 1st overtime period - Stopped by Stuart Skinner.
5:00 of 1st overtime period - Minnesota North Stars, Evgeni Malkin.
5:00 of 1st overtime period - Backhand shot by Evgeni Malkin.
5:00 of 1st overtime period - Goal by Evgeni Malkin.
5:00 of 1st overtime period - Round #3.
5:00 of 1st overtime period - Calgary Flames, Sebastian Aho.
5:00 of 1st overtime period - Snap shot by Sebastian Aho.
5:00 of 1st overtime period - Stopped by Stuart Skinner.
Back to the Top